 Dungeon Crawl Stone Soup version 0.29.1-15-g9cfb28693d (webtiles) character file.

Game seed: 9757887807100446636

198 Heoruswealwe the Magician (level 5, -1/28 HPs)
             Began as a Deep Elf Earth Elementalist on Apr 13, 2023.
             Slain by Edmund
             ... wielding a +2 dire flail of protection
              (6 damage)
             ... on level 4 of the Dungeon.
             The game lasted 00:23:10 (2377 turns).

Heoruswealwe the Magician (DEEE)                    Turns: 2377, Time: 00:23:10

Health: -1/28      AC:  5    Str:  5    XL:     5   Next: 47%
Magic:  12/15      EV: 12    Int: 22    God:
Gold:   145        SH:  0    Dex: 15    Spells: 5/15 levels left

rFire   . . .      SeeInvis +   (no weapon)
rCold   . . .      Faith    .   (no shield)
rNeg    . . .      Spirit   .   c - +0 robe
rPois   .          Reflect  .   g - +1 helmet
rElec   .          Harm     .   (no cloak)
rCorr   .          Rampage  .   (no gloves)
Will    .....                   e - +0 pair of boots
Stlth   ++........              (no amulet)
HPRegen 0.09/turn               k - ring of see invisible
MPRegen 0.14/turn               (no ring)

@: no status effects
A: no striking features
a: no special abilities


You were on level 4 of the Dungeon.
You visited 1 branch of the dungeon, and saw 4 of its levels.

You collected 150 gold pieces.
You donated 5 gold pieces to Zin.

Inventory:

Armour
 c - a +0 robe (worn)
 e - a +0 pair of boots (worn)
 g - a +1 helmet (worn)
 j - a +0 robe
 o - a +0 robe
Jewellery
 k - a ring of see invisible (left hand)
Scrolls
 a - 2 scrolls of magic mapping {unknown}
 d - 2 scrolls of teleportation {unknown}
 h - a scroll of immolation {unknown}
 i - a scroll of noise {unknown}
 l - 2 scrolls of identify {unknown}
 m - 2 scrolls of blinking {unknown}
 n - a scroll of fear {unknown}
 q - a scroll of vulnerability {unknown}
 r - a scroll of amnesia {unknown}
 t - a scroll of enchant armour {unknown}
Potions
 b - a potion of magic
 f - a potion of lignification {unknown}
 p - a potion of curing {unknown}
 s - a potion of brilliance {unknown}
 u - a potion of flight {unknown}
 v - a potion of resistance {unknown}


   Skills:
 - Level 2.4 Dodging
 - Level 2.4 Stealth
 + Level 5.8 Spellcasting
 - Level 1.1 Transmutations
 + Level 5.4 Earth Magic


You had 5 spell levels left.
You knew the following spells:

 Your Spells              Type           Power      Damage    Failure   Level
a - Sandblast             Erth           60%        2d14      1%          1
b - Stone Arrow           Conj/Erth      36%        3d9       10%         3
c - Petrify               Tmut/Erth      20%        N/A       24%         4
z - Passwall              Tmut/Erth      16%        N/A       3%          2

Your spell library contained the following spells:

 Spells                   Type           Power      Damage    Failure   Level
 Ozocubu's Armour         Ice            6%         N/A       28%         3
 Metabolic Englaciation   Hex/Ice        3%         N/A       95%         5
 Simulacrum               Ice/Necr       3%         N/A       100%        6


Dungeon Overview and Level Annotations

Branches:
Dungeon (4/15)
 Temple: D:4-7

Altars:
Ashenzari
Zin

Shops:
D:2 :

Annotations:
D:4 Edmund


Message History

The blast of sand hits the ball python!
You kill the ball python!
You see here a +0 whip.
v - a white potion
Found a book of Winter.
You pick up a book of Winter and begin reading...
You add the spells Ozocubu's Armour, Metabolic Englaciation and Simulacrum to your library.
Okay, then.
Found an escape hatch in the ceiling.
There is an escape hatch in the ceiling here.
Edmund the Younger comes into view.
He is wielding a +2 dire flail of protection.
You can't see any susceptible monsters within range! (Use Z to cast anyway.) Edmund shouts!
The blast of sand hits Edmund but does no damage.
The blast of sand hits Edmund.
Edmund is lightly wounded.
Edmund hits you with a +2 dire flail of protection!
The blast of sand hits Edmund.
Edmund is lightly wounded.
Edmund says, "Everyone always remembers my brother. 'Who's Edmund?' they ask!"
Edmund hits you with a +2 dire flail of protection.
The blast of sand hits Edmund but does no damage.
Edmund is lightly wounded.
Edmund says, "What use are spells, anyway?"
Edmund closely misses you.
Edmund hits you with a +2 dire flail of protection.
The blast of sand hits Edmund.
Edmund is lightly wounded.
Edmund hits you with a +2 dire flail of protection!
Okay, then.
Edmund attacks as you move away!
Edmund hits you with a +2 dire flail of protection.
* * * LOW HITPOINT WARNING * * *
Edmund attacks as you move away! Edmund closely misses you.
Edmund attacks as you move away!
Edmund hits you with a +2 dire flail of protection.
* * * LOW HITPOINT WARNING * * *
Edmund attacks as you move away!
Edmund hits you with a +2 dire flail of protection.
You die...

#..#####.# #..#
#.######## #..#
#.#....... ###..#
#†.......# #....#
#......... #....#
###.####.# #....# #.#
#.# #.@#.# #.# #.#
#.@#.# #.# #<. #....#
#.# #.. #...## #.#
#.. #...# #.# #..
#...# #.# #..
###...###### #.####..
#..........###.......
#.#.###.#...#######..
#.#.# #......######..


You could see Edmund.

Vanquished Creatures
  An orc priest (D:3)
  Jessica (D:2)
  An orc wizard (D:3)
  3 adders
  An adder skeleton (D:2)
  2 worms (D:2)
  2 dart slugs (D:1)
  4 orcs
  6 endoplasms
  3 giant cockroaches
  8 hobgoblins
  6 jackals
  10 kobolds
  2 quokkas (D:2)
  4 ball pythons
  A ball python skeleton (D:2)
  A ball python zombie (D:2)
  7 bats
  A frilled lizard (D:2)
  A giant cockroach zombie (D:2)
  2 goblins (D:1)
  A quokka skeleton (D:2)
  6 rats
74 creatures vanquished.

Vanquished Creatures (others)
  2 fungi (D:1)
  10 plants (D:1)
  12 withered plants (D:2)
24 creatures vanquished.

Grand Total: 98 creatures vanquished

Notes
Turn   | Place    | Note
-------+----------+-------------------------------------------
     0 | D:1      | Heoruswealwe the Deep Elf Earth Elementalist began the
                  | quest for the Orb.
     0 | D:1      | Reached XP level 1. HP: 10/10 MP: 6/6
    86 | D:1      | Reached XP level 2. HP: 5/15 MP: 0/8
    89 | D:1      | Learned a level 2 spell: Passwall
   608 | D:1      | Reached XP level 3. HP: 19/19 MP: 8/10
   612 | D:1      | Learned a level 3 spell: Stone Arrow
   742 | D:1      | Found a faded altar of an unknown god.
   746 | D:1      | Prayed at the altar of an unknown god.
   746 | D:1      | Became a worshipper of Zin the Law-Giver
   746 | D:1      | Reached * piety under Zin
   748 | D:1      | Fell from the grace of Zin
   866 | D:2      | Found a broken altar of Ashenzari.
   919 | D:2      | Noticed Jessica
   923 | D:2      | Killed Jessica
   924 | D:2      | Reached XP level 4. HP: 24/24 MP: 3/12
  1185 | D:2      | Reached skill level 5 in Spellcasting
  1191 | D:2      | Learned a level 4 spell: Petrify
  1414 | D:2      | Found Biotush's Book Shop.
  1663 | D:3      | Found a glowing silver altar of Zin.
  1841 | D:3      | Reached skill level 5 in Earth Magic
  1844 | D:3      | Reached XP level 5. HP: 22/28 MP: 10/15
  2361 | D:4      | Noticed Edmund
  2377 | D:4      | Slain by Edmund

Illustrated notes

Levels and vault maps discovered:
D:1:      ebering_trefoil_3fold, layout_basic,
          shapermc_ecumenical_altar_hornbeckon
D:2:      layout_basic, serial_shops, nicolae_shop_crystal, serial_undead,
          serial_undead_f, serial_undead_b, serial_undead_e, serial_undead_d,
          serial_undead_b, serial_undead_d, basic_altar, uniq_jessica
D:3:      layout_basic, mainiacjoe_overflow_cross_hatched,
          minmay_tree_intersection
D:4:      layout_loops_ring, minmay_temple_entry_grid, uniq_edmund, uniq_sigmund

Skill      XL: |  1  2  3  4 |
---------------+-------------+-----
Spellcasting   | 4 5 |  5.8
Earth Magic    | 4 5 |  5.4
Dodging        | |  2.4
Stealth        | |  2.4
Transmutations | |  1.1

Action                   |  1- 3 |  4- 6 || total
-------------------------+-------+-------++-------
Melee: Unarmed           |    56 |    59 ||   115
 Cast: Sandblast         |    53 |    57 ||   110
Invok: Renounce Religion |     1 |       ||     1
Armor: Robe              |     9 |     4 ||    13
Dodge: Dodged            |    28 |    11 ||    39
